 Dungeon Crawl Stone Soup version 0.31-a0-981-geadf994542 (webtiles) character file.

Game seed: 17138916176661066291

25 promet the Sneak (level 3, 0/25 HPs)
             Began as an Octopode Brigand on Nov 2, 2023.
             Slain by a quokka (4 damage)
             ... on level 2 of the Dungeon.
             The game lasted 00:02:46 (1017 turns).

promet the Sneak (Octopode Brigand)                 Turns: 1017, Time: 00:02:46

Health: 0/25       AC:  1    Str: 10    XL:     3   Next: 4%
Magic:  3/3        EV: 12    Int: 13    God:
Gold:   88         SH:  0    Dex: 15    Spells: 2/2 levels left

rFire   . . .        a - +2 dagger
rCold   . . .        (no shield)
rNeg    . . .        (helmet restricted)
rPois   .            (no amulet)
rElec   .            (no ring)
rCorr   .            (no ring)
SInv    .            (no ring)
Will    .....        (no ring)
Stlth   ++++         (no ring)
HPRegen 0.24/turn    (no ring)
MPRegen 0.08/turn    (no ring)
                     (no ring)

%: no passive effects
@: mighty
A: almost no armour, amphibious, 8 rings, camouflage 1, gelatinous body 1,
(nimble swimmer 1), tentacles
a: no special abilities


You were on level 2 of the Dungeon.
You visited 1 branch of the dungeon, and saw 2 of its levels.

You collected 88 gold pieces.

Inventory:

Hand Weapons
 a - a +2 dagger (weapon)
 i - a +0 spear
Missiles
 b - 9 poisoned darts (quivered)
 c - 3 curare-tipped darts
Jewellery
 e - an amulet of faith
Scrolls
 d - a scroll of enchant armour {unknown}
 f - a scroll of teleportation {unknown}
 g - a scroll of enchant weapon {unknown}


   Skills:
 * Level 2.3 Fighting
 + Level 2.2 Short Blades
 + Level 2.2 Throwing
 + Level 1.0 Dodging
 + Level 6.0 Stealth


You had 2 spell levels left.
You didn't know any spells.
Your spell library contained the following spells:

 Spells                   Type           Power      Damage    Failure   Level
 Blink                    Tloc           0%         N/A       43%         2
 Lesser Beckoning         Tloc           0%         N/A       43%         2
 Momentum Strike          Conj/Tloc      0%         3d8       43%         2


Dungeon Overview and Level Annotations

Branches:
Dungeon (2/15)

Altars:


Innate Abilities, Weirdness & Mutations

You cannot wear most types of armour.
You are amphibious.
You can wear up to eight rings at the same time.
Your skin changes colour to match your surroundings (Stealth+).
Your rubbery body absorbs attacks. (AC +1, EV +1)
((You are camouflaged when in or above water. (Stealth+)))
You have tentacles for arms and can constrict up to eight enemies at once.


Message History

You feel sick. The jackal attacks as it pursues you!
The jackal closely misses you.
You barely miss the jackal.
The jackal barks!
You grab the jackal. You squeeze the jackal.
You kill the jackal!
You feel sick.
You closely miss the adder. You grab the adder.
The adder is moderately wounded.
You constrict the adder. The adder bites you but does no damage.
You hit the adder. You tentacle-slap the adder.
You kill the adder!
You feel sick.
You are no longer poisoned.
You barely miss the jackal. Your grab misses the jackal. The jackal bites you.
* * * LOW HITPOINT WARNING * * *
The jackal barely misses you.
It was a potion of might.
You feel very mighty all of a sudden. The jackal closely misses you.
You hit the jackal. You grab the jackal.
The jackal is almost dead.
You constrict the jackal, but do no damage.
The jackal misses you.
You hit the jackal.
You kill the jackal!
You have reached level 3!
Your experience leads to an increase in your attributes!
Increase (S)trength, (I)ntelligence, or (D)exterity?
You feel agile. x2
You puncture the jackal!
You kill the jackal!
Your Stealth skill increases to level 6!
You closely miss the quokka. Your grab misses the quokka.
The quokka barely misses you.
You completely miss the quokka. You grab the quokka. You squeeze the quokka.
The quokka is severely wounded.
You constrict the quokka, but do no damage.
The quokka bites you.
You die...

#...# #..+
###...##$..#
##........#
#>.....####
.#.###..#
....##..# .
#......# ..
+....#r#
...#.##.#@#
......#+#.#
..........#
..........#
#+#....<..#
###.....#
........#
####....##
#.....


You could see a quokka.

Vanquished Creatures
  An adder (D:2)
  A ball python (D:1)
  2 endoplasms (D:1)
  A hobgoblin (D:1)
  3 jackals (D:2)
  A quokka (D:1)
  A bat (D:1)
  A goblin (D:1)
  2 kobolds (D:1)
  2 rats (D:1)
15 creatures vanquished.

Notes
Turn   | Place    | Note
-------+----------+-------------------------------------------
     0 | D:1      | promet the Octopode Brigand began the quest for the Orb.
     0 | D:1      | Reached XP level 1. HP: 14/14 MP: 1/1
   456 | D:1      | Reached XP level 2. HP: 19/19 MP: 2/2
  1015 | D:2      | Reached XP level 3. HP: 4/25 MP: 3/3
  1016 | D:2      | Reached skill level 6 in Stealth
  1017 | D:2      | Slain by a quokka

Illustrated notes

Levels and vault maps discovered:
D:1:      dpeg_arrival_three_same_balls, layout_basic, hex_large,
          minmay_misc_feat_diagonals
D:2:      layout_basic

Skill      XL: |  1  2  3 |
---------------+----------+-----
Stealth        | 6 |  6.0
Fighting       | |  2.3
Short Blades   | |  2.2
Throwing       | |  2.2
Dodging        | |  1.0

Action                     || total
---------------------------++-------
  Melee: Dagger            ||    31
         Constrict         ||     6
         Tentacles         ||     2
         Punch             ||     1
    Use: Potion            ||     1
   Stab: Sleeping          ||     4
 Armour: Skin              ||    22
  Dodge: Dodged            ||    22

Table legend: (Time is in decaauts)
 A = Elapsed time spent in this place.
 B = Non-inter-level travel time spent in this place.
 C = Inter-level travel time spent in this place.
 D = Time resting spent in this place.
 E = Time spent auto-exploring this place.
 F = Levels seen in this place.
 G = Mean time per level.
                   A        B        C        D        E       F      G
               +--------+--------+--------+--------+--------+-----+--------+
         Total |   1013 |    985 |     28 |    238 |    502 |   2 |  506.5 |
       Dungeon |   1013 |    985 |     28 |    238 |    502 |   2 |  506.5 |
               +--------+--------+--------+--------+--------+-----+--------+

Top non-repeatable levels by time:
     D:1: 981 daAuts
     D:2: 32 daAuts
